 Dungeon Crawl Stone Soup version 0.31-a0-354-g827e0957a7 (webtiles) character file.

Game seed: 5566341005600154727

3194 Angani the Mimic (level 9, 0/74 HPs)
             Began as a Purple Draconian Shapeshifter on July 23, 2023.
             Was a Priest of Wu Jian.
             Slain by Erica
             ... wielding a +0 scimitar of flaming
              (15 damage)
             ... on level 9 of the Dungeon.
             The game lasted 00:16:27 (7165 turns).

Angani the Mimic (Purple Draconian Shapeshifter)    Turns: 7165, Time: 00:16:27

Health: 0/74       AC:  9    Str: 22    XL:     9   Next: 64%
Magic:  9/9        EV: 14    Int: 11    God:    Wu Jian [***...]
Gold:   165        SH:  0    Dex: 14    Spells: 8/8 levels left

rFire   . .          .
                       - Unarmed
rCold   + + .        (no shield)
rNeg    . . .        (body armour unavailable)
rPois   .            (helmet restricted)
rElec   .            h - +0 cloak
rCorr   .            (no gloves)
SInv    .            s - +0 pair of boots of Satisfaction {rC+ Regen+ Int+3 Dex+2}
Will    ++...        (no amulet)
Stlth   +            B - ring of willpower
HPRegen 1.12/turn    k - ring of protection from cold
MPRegen 0.11/turn

%: no passive effects
@: maw-form, attractive
A: devouring maw, breathe power, AC +7, unfitting armour, cold-blooded
a: Breathe Dispelling Energy, Begin Untransformation, Renounce Religion, Wall
Jump, Serpent's Lash


You were on level 9 of the Dungeon.
You worshipped Wu Jian.
Wu Jian was most pleased with you.
You were a creature with a mouth for a stomach.
You visited 1 branch of the dungeon, and saw 9 of its levels.
You also visited: Sewer.

You collected 449 gold pieces.
You spent 284 gold pieces at shops.

Inventory:

Armour
 h - a +0 cloak (worn)
 s - the +0 pair of boots of Satisfaction (worn) {rC+ Regen+ Int+3 Dex+2}
   (You acquired it on level 5 of the Dungeon)

   Int:       It affects your intelligence (+3).
   Dex:       It affects your dexterity (+2).
   rC:        It protects you from cold.
   Regen:     It increases your rate of health regeneration.
Jewellery
 k - a ring of protection from cold (right hand)
 q - a ring of see invisible
 B - a ring of willpower (left hand)
Talismans
 b - a beast talisman
 o - a maw talisman
Wands
 l - a wand of flame (57)
 n - a wand of charming (5)
 C - a wand of iceblast (3)
Scrolls
 a - a scroll of fear
 e - 3 scrolls of enchant armour
 i - a scroll of teleportation
 p - 2 scrolls of enchant weapon
 r - 2 scrolls of fog
 t - a scroll of vulnerability
 v - 4 scrolls of revelation
 x - a scroll of torment
 z - a scroll of immolation
 A - a scroll of amnesia
Potions
 d - 2 potions of mutation {unknown}
 g - 3 potions of brilliance {unknown}
 j - 3 potions of might {unknown}
 m - 7 potions of enlightenment
 w - a potion of haste {unknown}


   Skills:
 + Level 5.3 Fighting
 + Level 5.2 Dodging
 + Level 5.3 Unarmed Combat
 + Level 1.7 Evocations
 - Level 9.3 Shapeshifting


You had 8 spell levels left.
You didn't know any spells.
Your spell library contained the following spells:

 Spells                   Type           Power      Damage    Failure   Level
 Magic Dart               Conj           0%         1d3       34%         1
 Blink                    Tloc           0%         N/A       47%         2
 Call Imp                 Summ           0%         N/A       47%         2
 Mephitic Cloud           Conj/Pois/Air  0%         N/A       71%         3
 Manifold Assault         Tloc           0%         N/A       98%         4


Dungeon Overview and Level Annotations

Branches:
Dungeon (9/15)             Temple (0/1) D:5           Sewer (visited)
   Lair: D:8-11         Orc: D:9-12

Altars:
Ashenzari
Dithmenos
Gozag
Qazlal
Trog
Vehumet
Wu Jian
Xom

Shops:
D:6 ?:!**

Annotations:
D:9 Erica


Innate Abilities, Weirdness & Mutations

You are a creature with a mouth for a stomach.
Your midsection houses a second, enormous mouth.
You can breathe bolts of dispelling energy.
Your rich purple scales are hard. (AC +7)
You cannot fit into any form of body armour.
You are cold-blooded and may be slowed by cold attacks.


Message History

The bolt of dispelling energy hits the orc!
You kill the orc!
The Council accepts your kill.
Unknown command.
Unknown command.
You closely miss the orc. You barely miss the orc.
You tail-slap the orc, but do no damage.
Your bite misses the orc.
Deactivating autopickup; reactivate with Ctrl-A.
You hit something. You bite something. You punch something!
Your punch misses something.
You have got your breath back.
Something hits you. Something burns you.
You completely miss something. You bite something!
You hear some strange, mumbled words.
A lance of force appears from out of thin air!
The lance of force hits you!
You are knocked back by the lance of force.
You slam into the rock wall!
You hit something.
Your tail-slap misses something.
You bite something. Something hits you! Something burns you.
You hit something but do no damage. Something hits you. Something burns you.
It was a potion of attraction.
You feel attractive to monsters. Something hits you.
* * * LOW HITPOINT WARNING * * *
Something burns you.
* * * LOW HITPOINT WARNING * * *
You miss something. Your bite misses something. Something hits you.
* * * LOW HITPOINT WARNING * * *
Something burns you.
* * * LOW HITPOINT WARNING * * *
You miss something.
Your tail-slap misses something.
Something hits you.
* * * LOW HITPOINT WARNING * * *
Something burns you.
* * * LOW HITPOINT WARNING * * *
You hit something but do no damage. You tail-slap something.
Your bite misses something. Something hits you!
You die...

#..............
######..##.####
#..##.# #..##.#
## #..##.# #.
#..##.###.
#..##.##..
..#######
####..##.##..
......)W#
#.....##.##..
#.#####{#
#.###.##.#.#.
#o# #.#
#.##..### ...
##o# #.#
#..))#... ..#
#.)# #)#
#........ ...
#.## #.#
##.#.#... ..#
#)# #.#
#.#....# ..#
#.# #.#
#.#.#### .o#
#.# ##.####.#.#


You could see 2 orcs.

Vanquished Creatures
  A wyvern (D:9)
  A yak (D:8)
  Menkaure (D:5)
  Duvessa (D:6)
  An ice beast (D:6)
  A sky beast (D:7)
  A black bear (D:6)
  An ogre (D:6)
  4 centaurs
  A phantom (D:7)
  A kobold brigand (D:9)
  A bullfrog (D:7)
  3 scorpions
  4 wights (D:8)
  5 killer bees (D:8)
  6 jellies
  Crazy Yiuf (D:5)
  2 hounds (D:6)
  An orc priest (D:7)
  Jessica (D:3)
  Natasha (thrice) (D:3)
  8 orc wizards
  9 adders
  3 river rats (Sewer)
  A shadow imp (D:6)
  A white imp (D:5)
  2 worms
  37 orcs
  16 bats
  13 endoplasms
  4 giant cockroaches
  2 hobgoblins (D:1)
  10 jackals
  16 kobolds
  7 quokkas
  11 ball pythons
  6 frilled lizards
  11 goblins
  25 rats
223 creatures vanquished.

Vanquished Creatures (collateral kills)
  Dowan (D:6)
1 creature vanquished.

Vanquished Creatures (others)
  4 yaks (D:8)
4 creatures vanquished.

Grand Total: 228 creatures vanquished

Notes
Turn   | Place    | Note
-------+----------+-------------------------------------------
     0 | D:1      | Angani the Draconian Shapeshifter began the quest for the
                  | Orb.
     0 | D:1      | Reached XP level 1. HP: 16/16 MP: 1/1
   408 | D:1      | Reached XP level 2. HP: 23/23 MP: 2/2
   621 | D:2      | Reached XP level 3. HP: 14/29 MP: 3/3
  1240 | D:2      | Reached XP level 4. HP: 36/36 MP: 4/4
  1449 | D:3      | Noticed Jessica
  1470 | D:3      | Killed Jessica
  1529 | D:3      | Noticed Natasha
  1537 | D:3      | Killed Natasha
  1630 | D:3      | Noticed Natasha
  1641 | D:3      | Killed Natasha
  1642 | D:3      | Reached XP level 5. HP: 29/44 MP: 5/5
  1676 | D:3      | Noticed Natasha
  1715 | D:3      | Killed Natasha
  2095 | D:3      | Found a shadowy altar of Dithmenos.
  2098 | D:3      | Found a shimmering altar of Xom.
  2595 | D:3      | Reached XP level 6. HP: 35/51 MP: 6/6
  2697 | D:4      | Reached skill level 4 in Shapeshifting
  3002 | D:5      | Entered Level 5 of the Dungeon
  3020 | D:5      | Found an ornate altar of the Wu Jian Council.
  3028 | D:5      | Became a worshipper of the Wu Jian Council
  3263 | D:5      | Found a glowing drain.
  3267 | Sewer    | Entered a sewer
  3425 | Sewer    | Reached * piety under Wu Jian
  3973 | D:5      | Identified a scroll of acquirement
  3984 | D:5      | Acquired the +0 pair of boots of Satisfaction {rC+ Regen+
                  | Int+3 Dex+2}
  4080 | D:5      | Reached ** piety under Wu Jian
  4082 | D:5      | Your scales start taking on a rich purple colour.
  4082 | D:5      | Reached XP level 7. HP: 59/59 MP: 7/7
  4171 | D:5      | Found a staircase to the Ecumenical Temple.
  4403 | D:5      | Found a runed translucent door.
  4404 | D:5      | Noticed Crazy Yiuf
  4413 | D:5      | Killed Crazy Yiuf
  4495 | D:6      | Noticed Duvessa
  4495 | D:6      | Noticed Dowan
  4598 | D:6      | Found Jess's Magic Scroll Shoppe.
  4600 | D:6      | Found Omaumot's Book Shop.
  4610 | D:6      | Bought a scroll of identify for 26 gold pieces
  4610 | D:6      | Bought a scroll of identify for 26 gold pieces
  4610 | D:6      | Bought a scroll of blinking for 97 gold pieces
  4610 | D:6      | Bought a scroll of amnesia for 52 gold pieces
  4610 | D:6      | Bought a scroll of teleportation for 39 gold pieces
  4650 | D:5      | Reached skill level 5 in Unarmed Combat
  4727 | D:6      | Noticed Menkaure
  4756 | D:5      | Killed Menkaure
  4757 | D:5      | Reached skill level 5 in Fighting
  4987 | D:6      | Reached skill level 5 in Shapeshifting
  4991 | D:6      | Noticed a two-headed ogre
  4992 | D:6      | Killed Duvessa
  4993 | D:6      | Reached XP level 8. HP: 68/68 MP: 8/8
  5001 | D:6      | Killed Dowan
  5037 | D:6      | Found Rasuginu's Assorted Antiques.
  5049 | D:6      | Reached skill level 5 in Dodging
  5056 | D:6      | Bought a scroll of identify for 44 gold pieces
  5065 | D:6      | Found Bemovvi's Distillery.
  5168 | D:6      | Reached skill level 6 in Shapeshifting
  5277 | D:6      | Found Len Vyj's Assorted Antiques.
  5333 | D:7      | Found a broken altar of Ashenzari.
  5699 | D:7      | Reached skill level 7 in Shapeshifting
  5799 | D:7      | Found a stormy altar of Qazlal.
  5814 | D:7      | Found a radiant altar of Vehumet.
  5814 | D:7      | Found an opulent altar of Gozag.
  5814 | D:7      | Found a bloodstained altar of Trog.
  5822 | D:7      | Identified the +1 short sword "Nufayr" {drain, rF+ rN++
                  | rCorr Str-4}
  5918 | D:7      | Reached XP level 9. HP: 74/74 MP: 9/9
  6161 | D:8      | Reached skill level 8 in Shapeshifting
  6429 | D:8      | Reached *** piety under Wu Jian
  6593 | D:8      | Reached skill level 9 in Shapeshifting
  7051 | D:9      | Reached skill level 1 in Evocations
  7138 | D:9      | Noticed Erica
  7165 | D:9      | Slain by Erica

Illustrated notes

Levels and vault maps discovered:
D:1:      lemuel_arrival_funnel, layout_loops_cross
D:2:      layout_loops_cross, eino_curves_01, minmay_pentomino_q4
D:3:      layout_rooms, minitemple, amethyst_killhole, uniq_natasha,
          uniq_jessica
D:4:      layout_rooms, minmay_rat_hole
D:5:      layout_rooms, nicolae_overflow_crystal_walls,
          minmay_temple_entry_fiery, gup_sewer_entry_bowl,
          uniq_crazy_yiuf_cottage
D:6:      layout_rooms, serial_shops, nicolae_lakefront_shop, shop, shop_statue,
          nicolae_shop_overgrown_old_shop, shop, minmay_microvault,
          uniq_duvessa, uniq_menkaure
D:7:      layout_rooms, gammafunk_temple_overflow_forgotten,
          mainiacjoe_overflow_surrounded_room, nicolae_qazlal_beasts_of_the_sky
D:8:      layout_layer_cave, mainiacjoe_overflow_boulevard, kennysheep_mini_moat
D:9:      layout_loops_ring, uniq_erica, uniq_pikel

Skill      XL: |  1  2  3  4  5  6  7  8  9 |
---------------+----------------------------+-----
Dodging        | 2 3 4 5 |  5.2
Fighting       | 2 3 4 5 |  5.3
Unarmed Combat | 4 5 |  5.3
Shapeshifting  | 4 5 7 9 |  9.3
Evocations     | 1 |  1.7

Action                     |  1- 3 |  4- 6 |  7- 9 || total
---------------------------+-------+-------+-------++-------
  Melee: Unarmed           |   108 |   298 |   227 ||   633
         Tailslap          |     7 |    27 |    37 ||    71
         Punch             |       |     6 |     9 ||    15
         Maw               |       |       |    10 ||    10
Ability: Lunge             |       |     9 |    17 ||    26
         Whirlwind         |       |     1 |     9 ||    10
         Breathe Dispellin |       |       |    16 ||    16
  Evoke: Wand              |       |       |    25 ||    25
    Use: Scroll            |       |     9 |     9 ||    18
         Potion            |       |     1 |     8 ||     9
   Stab: Distracted        |       |     1 |       ||     1
         Sleeping          |       |       |     1 ||     1
 Armour: Skin              |    37 |   101 |    97 ||   235
  Dodge: Dodged            |    76 |   198 |   175 ||   449
   Form: Maw               |       |     2 |     1 ||     3
         Beast             |       |     2 |       ||     2

Table legend: (Time is in decaauts)
 A = Elapsed time spent in this place.
 B = Non-inter-level travel time spent in this place.
 C = Inter-level travel time spent in this place.
 D = Time resting spent in this place.
 E = Time spent auto-exploring this place.
 F = Levels seen in this place.
 G = Mean time per level.
                   A        B        C        D        E       F      G
               +--------+--------+--------+--------+--------+-----+--------+
         Total |   7313 |   7091 |    222 |   1698 |   3699 |  10 |  731.3 |
       Dungeon |   6477 |   6255 |    222 |   1584 |   3173 |   9 |  719.7 |
         Sewer |    836 |    836 |      0 |    114 |    526 |   1 |  836.0 |
               +--------+--------+--------+--------+--------+-----+--------+

Top non-repeatable levels by time:
     D:5: 1092 daAuts
     D:3: 944 daAuts
     D:2: 862 daAuts
   Sewer: 836 daAuts
     D:7: 710 daAuts
     D:4: 626 daAuts
     D:8: 592 daAuts
     D:1: 564 daAuts
     D:9: 545 daAuts
     D:6: 540 daAuts
